AoeStats
← owengold23

Arabia

507962626Analyzed
1v1 RM · 13d ago on Sep 20, 2026· 23m 49s· 2 players
Game mode
Random Map
Map size
Tiny (2 player)
Population
200
Speed
Normal
Resources
Standard
Victory
Conquest
Starting age
Dark Age
Ending age
Imperial Age
RankedLock teamsTeams togetherTeam positionsShared explorationLock speedFull tech treeHidden civsTurbo modeCheats
Victory
Defeat
🇦🇺 Britons · Australia
1617
+17
🇦🇺 Armenians · Australia
1638
-17
Ambrose
6:44 Loom
8:56 Feudal Age
11:57 Horse Collar
12:55 Double-Bit Axe
20:30 Castle Age
18:57 Gold Mining
20:23 Fletching
21:09 Crossbowman
21:45 Bodkin Arrow
22:53 Ballistics
owengold23
5:50 Loom
9:12 Feudal Age
9:48 Double-Bit Axe
21:08 Castle Age
19:30 Fletching
20:14 Padded Archer Armor
20:20 Gold Mining
21:16 Elite Skirmisher
21:52 Bodkin Arrow
22:50 Bow Saw
24:04 Leather Archer Armor
24:20 Redemption
Connection lost

Rejoining the realm…

Still unreachable

The connection could not be restored.

Session expired

The server has moved on; the page needs a fresh start.